 Dungeon Crawl Stone Soup version 0.26.1-2-gb8aa6d0cf2 (webtiles) character file.

Game seed: 17410621674583835308

368 jlumianski the Chopper (level 6, -3/54 HPs)
             Began as a Palentonga Fighter on Feb 22, 2021.
             Was an Initiate of Makhleb.
             Killed from afar by an orc wizard (9 damage)
             ... with a puff of frost
             ... on level 4 of the Dungeon.
             The game lasted 00:14:35 (4017 turns).

jlumianski the Chopper (Palentonga Fighter)         Turns: 4017, Time: 00:14:35

Health: -3/54      AC:  8    Str: 21    XL:     6   Next: 41%
Magic:  6/6        EV:  4    Int:  9    God:    Makhleb [......]
Gold:   301        SH:  9    Dex:  9    Spells: 5/5 levels left

rFire    . . .     SeeInvis +   a - +0 war axe
rCold    . . .     Faith    .   c - +0 kite shield
rNeg     . . .     Spirit   .   v - +0 chain mail
rPois    .         Reflect  .   (no helmet)
rElec    .         Harm     .   (no cloak)
rCorr    .         Rampage  .   (no gloves)
Will     .....                  (no barding)
Stlth    ..........             (no amulet)
HPRegen  0.18/turn              (no ring)
MPRegen  0.10/turn              (no ring)

@: lethally poisoned (-3 -> -6)
A: large, rugged brown scales 3, see invisible, deformed body, roll 1, armoured
tail
a: Rolling Charge, Renounce Religion


You were on level 4 of the Dungeon.
You worshipped Makhleb.
Makhleb was noncommittal.
You visited 2 branches of the dungeon, and saw 5 of its levels.

You collected 301 gold pieces.

Inventory:

Hand Weapons
 a - a +0 war axe (weapon)
Missiles
 j - 120 stones
 s - 6 boomerangs (quivered)
 w - 3 silver boomerangs
Armour
 b - a +0 scale mail
 c - a +0 kite shield (worn)
 p - a cursed +0 scale mail
 v - a +0 chain mail (worn)
Scrolls
 e - 2 scrolls of identify
 f - a scroll of noise
 i - a scroll of teleportation
 o - a scroll of amnesia {unknown}
 q - a scroll of remove curse {unknown}
 u - a scroll of random uselessness {unknown}
 y - a scroll of enchant armour {unknown}
Potions
 d - a potion of might
 h - a potion of ambrosia {unknown}
 k - a potion of resistance {unknown}
 l - 2 potions of haste
 m - a potion of attraction {unknown}
 n - 2 potions of berserk rage
 r - 2 potions of curing {unknown}
 t - a potion of brilliance {unknown}
 x - a potion of degeneration {unknown}


   Skills:
 + Level 3.6 Fighting
 + Level 4.3 Axes
 + Level 3.4 Armour
 + Level 1.5 Dodging
 + Level 0.1 Stealth
 + Level 3.4 Shields


You had 5 spell levels left.
You didn't know any spells.
Your spell library contained the following spells:

 Spells                   Type           Power        Failure   Level
 Freeze                   Ice            0%           100%        1
 Frozen Ramparts          Ice            0%           100%        3
 Ozocubu's Armour         Ice            0%           100%        3
 Hailstorm                Conj/Ice       0%           100%        4
 Summon Ice Beast         Ice/Summ       0%           100%        4


Dungeon Overview and Level Annotations

Branches:
Dungeon (4/15)             Temple (1/1) D:4

Altars:
Cheibriados
Dithmenos
Fedhas
Gozag
Hepliaklqana
Kikubaaqudgha
Makhleb
Qazlal
Sif Muna
Trog
Vehumet
Wu Jian
Xom
Zin
The Shining One


Innate Abilities, Weirdness & Mutations

You are completely covered in rugged brown scales. (AC +3, +7% HP)
You have supernaturally acute eyesight. (SInv)
Armour fits poorly on your strangely shaped body.
You can roll at nearby foes to attack.
You have a long armoured tail.


Message History

The orc wizard hits you but does no damage.
A bullfrog skeleton comes into view.
The orc wizard hits you with a +0 dagger of venom.
* * * LOW HITPOINT WARNING * * *
You are poisoned.
You feel sick.
You feel sick.
The orc wizard gestures at you while chanting.
The puff of flame hits you.
* * * LOW HITPOINT WARNING * * *
The orc wizard points at you and mumbles some strange words.
The magic dart hits you.
* * * LOW HITPOINT WARNING * * *
You feel sick.
The orc wizard is no longer moving quickly.
The orc wizard gestures at you while chanting.
You block the puff of flame.
The orc wizard points at you and mumbles some strange words.
The puff of frost hits you!
You die...

....)##.............###
..###...###........## ##
..#E#...#E#.........###.#
..###...###..........#..#.
.....................[....
......_....#...........##. ##
........................##..###
..###...###.....##.............#
....#@...............
.##.#.......##.....##. .
##................ .
#o...............
#.##.†...........
###Z##†..8.8.8.....
#.........⌠.⌠......
......##o##..8.>.8.....
#....###.##...⌠.⌠....##


You could see 2 orc wizards and a bullfrog skeleton.

Vanquished Creatures
  An orc priest (D:3)
  A bullfrog skeleton (D:3)
  A centaur skeleton (D:4)
  Natasha (twice) (D:2)
  An iguana (D:4)
  A worker ant (D:4)
  7 adders
  An ooze (D:3)
  2 worms (D:3)
  2 dart slugs
  4 leopard geckos
  5 orcs
  A ball python (D:3)
  6 giant cockroaches
  12 goblins
  3 hobgoblins
  12 jackals
  12 kobolds
  3 quokkas
  8 bats
  4 frilled lizards
  A leopard gecko skeleton (D:4)
  10 rats
100 creatures vanquished.

Notes
Turn   | Place    | Note
-------+----------+-------------------------------------------
     0 | D:1      | jlumianski the Palentonga Fighter began the quest for the
                  | Orb.
     0 | D:1      | Reached XP level 1. HP: 20/20 MP: 1/1
   262 | D:1      | Reached XP level 2. HP: 24/27 MP: 2/2
  1174 | D:1      | Reached XP level 3. HP: 29/33 MP: 3/3
  1801 | D:2      | Noticed Natasha
  1807 | D:2      | Killed Natasha
  1808 | D:2      | Reached skill level 3 in Axes
  1808 | D:2      | Reached XP level 4. HP: 25/40 MP: 4/4
  2022 | D:2      | Found a glowing silver altar of Zin.
  2403 | D:2      | Noticed Natasha
  2414 | D:2      | Killed Natasha
  2415 | D:2      | Reached skill level 1 in Dodging
  2714 | D:3      | Found a snail-covered altar of Cheibriados.
  2727 | D:3      | Reached XP level 5. HP: 43/48 MP: 5/5
  3662 | D:4      | Found a stormy altar of Qazlal.
  3673 | D:4      | Noticed a fire elemental
  3676 | D:4      | Found a shimmering altar of Xom.
  3680 | D:4      | Reached skill level 4 in Axes
  3680 | D:4      | Reached XP level 6. HP: 54/54 MP: 6/6
  3683 | D:4      | Found a radiant altar of Vehumet.
  3762 | D:4      | Noticed a water elemental
  3803 | D:4      | Found a staircase to the Ecumenical Temple.
  3834 | Temple   | Entered the Ecumenical Temple
  3881 | Temple   | Became a worshipper of Makhleb the Destroyer
  4017 | D:4      | Killed from afar by an orc wizard

Illustrated notes

Levels and vault maps discovered:
D:1:      lightli_iron_boxes, layout_basic, minmay_tetromino_s2
D:2:      layout_loops_ring, zin_treasury, kennysheep_nondescript,
          minmay_close_crescents, uniq_natasha
D:3:      layout_loops_ring, cheibriados_altar_1, grunt_ministairs_13,
          grunt_decor_arrowhead
D:4:      layout_cave_pools, nicolae_qazlal_style_of_elements,
          nicolae_overflow_hidden_temple, minmay_temple_entry_statues_fountains
Temple:   jpeg_temple_alley_garden

Skill      XL: |  1  2  3  4  5 |
---------------+----------------+-----
Armour         | 3 |  3.4
Axes           | 3 4 |  4.3
Dodging        | 1 |  1.5
Shields        | 3 |  3.4
Fighting       | |  3.6
Stealth        | |  0.1

Action                   |  1- 3 |  4- 6 || total
-------------------------+-------+-------++-------
Melee: War axe           |   141 |   153 ||   294
       Tailslap          |    13 |    21 ||    34
 Abil: Rolling Charge    |    16 |     8 ||    24
  Use: Scroll            |     1 |     3 ||     4
       Potion            |       |     3 ||     3
Armor: Scale mail        |    84 |    57 ||   141
       Chain mail        |       |    36 ||    36
Dodge: Dodged            |    46 |    35 ||    81
Block: Kite shield       |    85 |    98 ||   183
